 Dungeon Crawl Stone Soup version 0.29-a0-330-g52719c12eb (webtiles) character file.

Game seed: 6137744505410201891

63 Crownlay the Insei (level 4, 0/28 HPs)
             Began as an Octopode Transmuter on May 1, 2022.
             Killed by divine providence
             ... invoked by an orc priest
              (13 damage)
             ... on level 3 of the Dungeon.
             The game lasted 00:02:48 (2121 turns).

Crownlay the Insei (Octopode Transmuter)            Turns: 2121, Time: 00:02:49

Health: 0/28       AC:  2    Str:  9    XL:     4   Next: 10%
Magic:  4/8        EV: 19    Int: 17    God:
Gold:   164        SH:  0    Dex: 17    Spells: 3/8 levels left

rFire   . . .      SeeInvis .     - Unarmed
rCold   . . .      Faith    .   (shield currently unavailable)
rNeg    . . .      Spirit   .   (helmet currently unavailable)
rPois   x          Reflect  .   (no amulet)
rElec   .          Harm     .   (no ring)
rCorr   .          Rampage  .   (no ring)
Will    .....                   (no ring)
Stlth   ++........              (no ring)
HPRegen 0.09/turn               (no ring)
MPRegen 0.11/turn               (no ring)
                                (no ring)
                                (no ring)

@: spider-form
A: venomous fangs, almost no armour, (amphibious), 8 rings, tiny, (camouflage
1), (gelatinous body 1), (nimble swimmer 1), (tentacles)
a: End Transformation


You were on level 3 of the Dungeon.
You were a venomous arachnid creature.
You visited 1 branch of the dungeon, and saw 3 of its levels.

You collected 164 gold pieces.

Inventory:

Scrolls
 c - a scroll of silence {unknown}
 d - a scroll of enchant armour {unknown}
 f - 2 scrolls of acquirement {unknown}
 g - a scroll of teleportation {unknown}
 h - a scroll of noise {unknown}
 i - a scroll of identify {unknown}
 j - a scroll of blinking {unknown}
 l - a scroll of torment {unknown}
Potions
 a - a potion of lignification
 b - a potion of attraction {unknown}
 e - a potion of berserk rage {unknown}
 k - a potion of haste {unknown}


   Skills:
 - Level 1.0 Fighting
 - Level 2.0 Dodging
 - Level 3.0 Unarmed Combat
 + Level 2.7 Spellcasting
 + Level 2.9 Transmutations
 + Level 0.4 Earth Magic
 + Level 2.2 Poison Magic


You had 3 spell levels left.
You knew the following spells:

 Your Spells              Type           Power      Damage    Failure   Level
a - Sandblast             Erth           6%         2d5       34%         1
b - Spider Form           Tmut/Pois      11%        N/A       38%         3
c - Beastly Appendage     Tmut           24%        N/A       16%         1

Your spell library contained the following spells:

 Spells                   Type           Power      Damage    Failure   Level
 Wereblood                Tmut           12%        N/A       22%         2
 Passwall                 Tmut/Erth      6%         N/A       32%         2
 Slow                     Hex            8%         N/A       38%         1
 Sublimation of Blood     Necr           2%         N/A       47%         2
 Stone Arrow              Conj/Erth      6%         3d7       67%         3
 Confusing Touch          Hex            2%         N/A       69%         3
 Gell's Gravitas          Tloc           2%         N/A       69%         3
 Teleport Other           Tloc           2%         N/A       69%         3
 Vampiric Draining        Necr           2%         2d6       69%         3
 Ice Form                 Ice/Tmut       7%         N/A       86%         4
 Dispersal                Tloc           1%         N/A       100%        6
 Summon Hydra             Summ           1%         N/A       100%        7


Dungeon Overview and Level Annotations

Branches:
Dungeon (3/15)

Altars:


Innate Abilities, Weirdness & Mutations

You are a venomous arachnid creature.
You have poisonous fangs.
You are tiny and dextrous.
Your spellcasting is less reliable in this form.
Your armour is entirely melded.
You are incapable of wielding weapons or throwing items.
You cannot wear most types of armour.
((You are amphibious.))
You can wear up to eight rings at the same time.
((Your skin changes colour to match your surroundings (Stealth+).))
((Your rubbery body absorbs attacks. (AC +1, EV +1)))
((You are camouflaged when in or above water. (Stealth+)))
((You have tentacles for arms and can constrict up to eight enemies at once.))


Message History

You feel sick.
The orc shouts!
The orc priest calls down the wrath of Beogh upon you.
Pain shoots through your body!
You see here a +1 short sword of venom.
An orc comes into view. It is wielding a +0 flail.
You feel sick.
The orc shouts!
The orc priest barely misses you. The orc barely misses you.
Your magical contamination has completely faded away.
You are too injured to fight recklessly!
You are too injured to fight recklessly!
You are too injured to fight recklessly!
You are too injured to fight recklessly!
You are too injured to fight recklessly!
Casting: Beastly Appendage (safe; 5% risk of failure)
Confirm with . or Enter, or press ? or * to list all spells.
The spell is quite dangerous to miscast (19% risk of failure)!
Continue anyway?
Your tentacle spike disappears.
You turn into a venomous arachnid creature.
You feel sick. The orc priest closely misses you. The orc misses you.
You hit the orc.
The orc is heavily wounded.
You feel sick.
You are no longer poisoned.
The orc priest completely misses you. The orc completely misses you.
You bite the orc!
You kill the orc!
The orc priest barely misses you.
You hit the orc priest but do no damage.
The orc priest is poisoned.
The orc priest completely misses you.
You hit the orc priest.
The orc priest is lightly wounded.
The orc priest mumbles some strange prayers to Beogh against you.
You barely resist. You hit the orc priest.
The orc priest is moderately wounded.
The orc priest mumbles some strange prayers to Beogh against you.
Beogh smites you!
You die...

### #.... #.. .....
..##..... ###........
....?..... #.........
#..o..#### #.
#>so...... #.
#)#.##.#.. #. #[#.#
.#.. #
#.###.#.##.#....
#.#.....#.#[..#...
#.#.....#.#...#...#
#.....###.........#
#####......#........#
#...................#


You could see an orc priest (very poisoned) and an orc.

Vanquished Creatures
  2 adders (D:2)
  An orc (D:3)
  4 ball pythons
  3 endoplasms
  2 giant cockroaches
  7 goblins
  6 hobgoblins
  4 jackals (D:1)
  3 bats
  4 frilled lizards
  3 kobolds
  2 rats (D:2)
41 creatures vanquished.

Notes
Turn   | Place    | Note
-------+----------+-------------------------------------------
     0 | D:1      | Crownlay the Octopode Transmuter began the quest for the
                  | Orb.
     0 | D:1      | Reached XP level 1. HP: 13/13 MP: 3/3
    65 | D:1      | Found a faded altar of an unknown god.
   389 | D:1      | Reached skill level 1 in Poison Magic
   389 | D:1      | Reached XP level 2. HP: 17/18 MP: 3/5
  1274 | D:2      | Reached XP level 3. HP: 18/23 MP: 4/6
  1714 | D:2      | Reached XP level 4. HP: 4/28 MP: 5/8
  2081 | D:3      | Learned a level 3 spell: Spider Form
  2102 | D:3      | Learned a level 1 spell: Sandblast
  2121 | D:3      | Killed from afar by an orc priest

Illustrated notes

Levels and vault maps discovered:
D:1:      dpeg_arrival_more_subterranean_lakeside_camping, layout_basic,
          ebering_ecumenical_altar_box
D:2:      layout_basic, interstate_on_off
D:3:      layout_basic, minmay_cupped

Skill      XL: |  1  2  3 |
---------------+----------+-----
Poison Magic   | 1 2 |  2.2
Fighting       | |  1.0
Dodging        | |  2.0
Unarmed Combat | |  3.0
Spellcasting   | |  2.7
Transmutations | |  2.9
Earth Magic    | |  0.4

Action                   |  1- 3 |  4- 6 || total
-------------------------+-------+-------++-------
Melee: Unarmed           |    76 |    14 ||    90
       Constrict         |    24 |     1 ||    25
       Kick              |    24 |     1 ||    25
       Tentacles         |     7 |       ||     7
       Punch             |     5 |       ||     5
 Cast: Beastly Appendage |    20 |     2 ||    22
       Spider Form       |       |     1 ||     1
  Use: Potion            |       |     1 ||     1
 Stab: Sleeping          |     6 |       ||     6
Armor: Skin              |     7 |     1 ||     8
Dodge: Dodged            |    52 |    16 ||    68

Table legend: (Time is in decaauts)
 A = Elapsed time spent in this place.
 B = Non-inter-level travel time spent in this place.
 C = Inter-level travel time spent in this place.
 D = Time resting spent in this place.
 E = Time spent auto-exploring this place.
 F = Levels seen in this place.
 G = Mean time per level.
                   A        B        C        D        E       F      G
               +--------+--------+--------+--------+--------+-----+--------+
         Total |   2115 |   2084 |     31 |      0 |   1820 |   3 |  705.0 |
       Dungeon |   2115 |   2084 |     31 |      0 |   1820 |   3 |  705.0 |
               +--------+--------+--------+--------+--------+-----+--------+

Top non-repeatable levels by time:
     D:1: 1091 daAuts
     D:2: 976 daAuts
     D:3: 47 daAuts
